 Dungeon Crawl Stone Soup version 0.24.0-13-gcf9b3192b9 (webtiles) character file.

Game seed: 745860556213636000, levelgen mode: deterministic

18 Oravi the Vandal (level 2, -11/15 HPs)
             Began as a Vine Stalker Hunter on Nov 7, 2019.
             Mangled by a kobold
             ... wielding a +1 dagger of electrocution
              (15 damage)
             ... on level 1 of the Dungeon.
             The game lasted 00:01:20 (676 turns).

Oravi the Vandal (Vine Stalker Hunter)               Turns: 676, Time: 00:01:21

Health: -11/15     AC:  8    Str: 14    XL:     2   Next: 66%
Magic:  0/3        EV:  6    Int: 11    God:
Gold:   15         SH:  0    Dex: 14    Spells: 1/1 levels left

rFire    . . .     SeeInvis .   b - +0 short sword
rCold    . . .     Gourm    .   (no shield)
rNeg     . . .     Faith    .   i - +0 chain mail
rPois    .         Spirit   +   (no helmet)
rElec    .         Reflect  .   (no cloak)
rCorr    .         Harm     .   (no gloves)
MR       .....                  (no boots)
Stlth    ..........             (no amulet)
HPRegen  0.05/turn              (no ring)
MPRegen  0.08/turn              (no ring)

@: no status effects
A: fangs 2, magic shield, antimagic bite, no potion heal 3, rot immunity
a: no special abilities


You were on level 1 of the Dungeon.
You were not hungry.

You visited 1 branch of the dungeon, and saw 1 of its levels.

You collected 15 gold pieces.

Inventory:

Hand Weapons
 a - a +1 hunting sling
 b - a +0 short sword (weapon)
Missiles
 d - 19 sling bullets
 e - 23 stones (quivered)
Armour
 c - a +0 leather armour
 i - a +0 chain mail (worn)
Potions
 h - a potion of lignification {unknown}
 j - a potion of agility {unknown}
 k - a potion of brilliance {unknown}
 l - a potion of invisibility {unknown}
 m - a potion of cancellation {unknown}
Comestibles
 f - a ration
 g - 4 chunks of flesh


   Skills:
 + Level 2.0 Fighting
 * Level 1.0 Short Blades
 - Level 3.6 Slings
 + Level 0.5(2.3) Throwing
 + Level 0.0 Armour
 - Level 1.5 Dodging
 + Level 1.8 Stealth


You had one spell level left.
You didn't know any spells.
Your spell library was empty.

Dungeon Overview and Level Annotations

Branches:
Dungeon (1/15)

Altars:


Innate Abilities, Weirdness & Mutations

You have extremely sharp teeth.
When hurt, damage is shared between your health and your magic reserves.
Your bite disrupts and absorbs the magic of your enemies.
Potions cannot restore your health.
You are immune to rotting.


Message History

The kobold throws a stone.
The stone barely misses you.
Your chain mail prevents you from hitting the kobold.
You bite the kobold. You drain its power.
The kobold is heavily wounded.
The kobold hits you with a +1 dagger of electrocution.
Your chain mail prevents you from hitting the kobold.
Your bite misses the kobold.
The kobold is heavily wounded.
The kobold hits you but does no damage.
You are electrocuted!
* * * LOW HITPOINT WARNING * * *
You are too injured to fight recklessly!
You are too injured to fight recklessly!
You are too injured to fight recklessly!
You are too injured to fight recklessly!
You are too injured to fight recklessly!
You hit the kobold but do no damage.
The kobold is heavily wounded.
The kobold hits you but does no damage.
You are electrocuted!
Ouch! That really hurt!
You die...

#####..#.##.####...
#.....)...........#
#.###...###.#####.# #.#
#...###.## #.#
#........# ##+##
#.###........###...##
#.......##...##.....##
#........##.##.......##
#รท####...##.#...@K....#
.........>..'(........+
#.####...##.#.........#
#.# #.......##.......##
#.# #.##.######.....##
#.# # #.# ##...## #..
##+## ###


You could see a kobold.

Vanquished Creatures
  A leopard gecko (D:1)
  A bat (D:1)
  A giant cockroach (D:1)
  3 goblins (D:1)
  A hobgoblin (D:1)
  4 frilled lizards (D:1)
  3 kobolds (D:1)
  3 rats (D:1)
17 creatures vanquished.

Notes
Turn   | Place    | Note
-------+----------+-------------------------------------------
     0 | D:1      | Oravi the Vine Stalker Hunter began the quest for the Orb.
     0 | D:1      | Reached XP level 1. HP: 11/11 MP: 2/2
    89 | D:1      | Reached XP level 2. HP: 13/15 MP: 3/3
   556 | D:1      | Reached skill level 1 in Short Blades
   676 | D:1      | Mangled by a kobold

Levels and vault maps discovered:
D:1:      dpeg_arrival_refuge, layout_loops_corners

Skill      XL: |  1  2 |
---------------+-------+-----
Fighting       | 2 |  2.0
Short Blades   | 1 |  1.0
Slings         | |  3.6
Throwing       | |  0.5
Dodging        | |  1.5
Stealth        | |  1.8

Action                   || total
-------------------------++-------
Melee: Short sword       ||    15
       Bite              ||     4
 Fire: Hunting sling     ||    31
Armor: Leather armour    ||     3
       Chain mail        ||     7
Dodge: Dodged            ||     9
